 Dungeon Crawl Stone Soup version 0.30-a0-743-gbfdf073431 (webtiles) character file.

Game seed: 16861181096128439883

70 Dittersdorf the Covered (level 4, 0/29 HPs)
             Began as a Gargoyle Fighter on Feb 7, 2023.
             Slain by an orc priest
             ... wielding a +0 hand axe
              (5 damage)
             ... on level 3 of the Dungeon.
             The game lasted 00:02:32 (1922 turns).

Dittersdorf the Covered (Gargoyle Fighter)          Turns: 1922, Time: 00:02:32

Health: 0/29       AC: 10    Str: 22    XL:     4   Next: 21%
Magic:  4/4        EV:  9    Int:  8    God:
Gold:   163        SH:  4    Dex:  9    Spells: 3/3 levels left

rFire   . . .      SeeInvis .    a - +0 flail
rCold   . . .      Faith    .    c - +0 buckler
rNeg    + . .      Spirit   .    b - +0 scale mail
rPois   ∞          Reflect  .    (no helmet)
rElec   +          Harm     .    (no cloak)
rCorr   .          Rampage  .    (no gloves)
Will    .....                    (no boots) Stlth
                                 (no amulet)
HPRegen 0.24/turn                (no ring)
MPRegen 0.09/turn                (no ring)

@: no status effects
A: sickness immunity, AC +3, negative energy resistance 1, electricity
resistance, torment resistance 1, petrification resistance
a: no special abilities


You were on level 3 of the Dungeon.
You visited 1 branch of the dungeon, and saw 4 of its levels.

You collected 163 gold pieces.

Inventory:

Hand Weapons
 a - a +0 flail (weapon)
Missiles
 i - 4 poisoned darts (quivered)
Armour
 b - a +0 scale mail (worn)
 c - a +0 buckler (worn)
Jewellery
 h - a ring of ice
 u - a ring of fire
Scrolls
 e - 2 scrolls of noise {unknown}
 f - a scroll of vulnerability {unknown}
 g - a scroll of silence {unknown}
 j - a scroll of teleportation {unknown}
 m - a scroll of identify {unknown}
 n - a scroll of blinking {unknown}
 p - a scroll of acquirement {unknown}
 q - 2 scrolls of amnesia {unknown}
 s - a scroll of enchant weapon {unknown}
Potions
 d - a potion of might
 k - 2 potions of mutation {unknown}
 l - 5 potions of curing {unknown}
 o - a potion of flight {unknown}
 r - 2 potions of heal wounds {unknown}
 t - a potion of haste {unknown}


   Skills:
 + Level 3.9 Fighting
 + Level 2.7 Maces & Flails
 + Level 3.9 Armour
 + Level 3.9 Shields


You had 3 spell levels left.
You didn't know any spells.
Your spell library contained the following spells:

 Spells                   Type           Power      Damage    Failure   Level
 Freeze                   Ice            0%         1d3       82%         1
 Frozen Ramparts          Ice            0%         1d1       99%         3
 Hailstorm                Conj/Ice       0%         3d3       99%         3
 Petrify                  Tmut/Erth      0%         N/A       100%        4
 Irradiate                Conj/Tmut      0%         3d11      100%        5
 Sublimation of Blood     Necr           Unusable   N/A       N/A         2

Dungeon Overview and Level Annotations

Branches:
Dungeon (4/15)
 Temple: D:4-7

Altars:
Makhleb

Annotations:
D:3 Grinder


Innate Abilities, Weirdness & Mutations

You are immune to sickness and miasma.
Your stone body is resilient. (AC +3)
You are immune to poison.
You resist negative energy. (rN+)
You are resistant to electric shocks. (rElec)
You are resistant to unholy torment.
You are immune to petrification.


Message History

You start waiting.
Done waiting.
An orc priest comes into view. It is wielding a +0 hand axe.
The orc priest shouts! 2 orcs come into view.
The orc shouts! x2
Found an escape hatch in the floor.
The orc priest begins to cast a cantrip, but forgets the words!
You closely miss the orc priest. You closely miss the orc priest.
The orc priest hits you with a +0 hand axe.
The orc hits you with a +0 dagger.
You hit the orc priest.
The orc priest is moderately wounded.
The orc priest hits you with a +0 hand axe.
The orc hits you with a +0 dagger. The orc priest barely misses you.
The orc hits you with a +0 dagger. The orc hits you with a +0 flail.
You are too injured to fight recklessly!
You are too injured to fight recklessly!
You are too injured to fight recklessly!
You are too injured to fight recklessly!
You are too injured to fight recklessly!
You are too injured to fight recklessly!
You are too injured to fight recklessly!
You are too injured to fight recklessly!
You are too injured to fight recklessly!
You are too injured to fight recklessly!
You are too injured to fight recklessly!
You are too injured to fight recklessly!
You closely miss the orc priest.
The orc priest is moderately wounded.
The orc priest hits you with a +0 hand axe.
The orc hits you with a +0 flail.
* * * LOW HITPOINT WARNING * * *
The orc hits you with a +0 dagger.
* * * LOW HITPOINT WARNING * * *
You barely miss the orc priest.
The orc priest is moderately wounded.
The orc priest hits you with a +0 hand axe.
You die...

.... .♣~~ ~~~~ ..~♣
#.♣♣♣♣♣♣ ####..♣~~.#
#.........# #######
##.##.........# #.....#
..............###.###.#
..#.#.#@.......##.#<#.#
>.....ooo.####..#.#.#.##
..#.#.#!..# ##.#.#.#)..
........### #...#.####
..#.#.#.# ##..#....#
........# #..÷###.#
...###### ##....#.# ...
#.##.#.# #.##....


You could see an orc priest and 2 orcs.

Vanquished Creatures
  2 adders (D:2)
  A worm (D:2)
  2 dart slugs (D:2)
  4 ball pythons
  5 endoplasms (D:1)
  2 giant cockroaches (D:1)
  A goblin (D:2)
  6 hobgoblins
  4 jackals (D:1)
  4 quokkas
  2 bats
  3 frilled lizards
  2 kobolds
  2 rats
40 creatures vanquished.

Vanquished Creatures (others)
  2 plants (D:3)
2 creatures vanquished.

Grand Total: 42 creatures vanquished

Notes
Turn   | Place    | Note
-------+----------+-------------------------------------------
     0 | D:1      | Dittersdorf the Gargoyle Fighter began the quest for the
                  | Orb.
     0 | D:1      | Reached XP level 1. HP: 14/14 MP: 1/1
   163 | D:1      | Reached XP level 2. HP: 17/19 MP: 2/2
   653 | D:2      | Reached XP level 3. HP: 23/23 MP: 3/3
  1109 | D:2      | Reached XP level 4. HP: 24/29 MP: 4/4
  1470 | D:3      | Found a burning altar of Makhleb.
  1516 | D:3      | Noticed Grinder
  1525 | D:3      | Paralysed by Grinder for 4 turns
  1684 | D:3      | You fall into a shaft and drop 1 floor!
  1685 | D:4      | yay!
  1797 | D:3      | Paralysed by Grinder for 3 turns
  1922 | D:3      | Slain by an orc priest

Illustrated notes

.. .... .#
...#... .#
#.#... .#
..... ..
####... .#
....... .#
.......#.#
#..@)#
##+###


Turn 1685 on D:4: yay!

Levels and vault maps discovered:
D:1:      dpeg_arrival_pond, layout_loops_ring
D:2:      layout_basic
D:3:      layout_basic, mainiacjoe_overflow_concentric_impassable, serial_glass,
          glass_columns_a, glass_columns_b, ebering_ecumenical_altar_rust,
          reono_crystal_passage, serial_bayou_lagoon_b, uniq_grinder,
          uniq_robin, uniq_sigmund
D:4:      minmay_inner_zag, layout_loops_corners,
          amcnicky_altar_lugonu_corruption

Action                     |  1- 3 |  4- 6 || total
---------------------------+-------+-------++-------
  Melee: Flail             |    89 |    31 ||   120
  Throw: Dart              |       |    12 ||    12
 Armour: Scale mail        |    43 |    13 ||    56
  Dodge: Dodged            |    38 |     9 ||    47
  Block: Buckler           |    14 |     5 ||    19

Table legend: (Time is in decaauts)
 A = Elapsed time spent in this place.
 B = Non-inter-level travel time spent in this place.
 C = Inter-level travel time spent in this place.
 D = Time resting spent in this place.
 E = Time spent auto-exploring this place.
 F = Levels seen in this place.
 G = Mean time per level.
                   A        B        C        D        E       F      G
               +--------+--------+--------+--------+--------+-----+--------+
         Total |   1959 |   1839 |    120 |    182 |   1248 |   4 |  489.8 |
       Dungeon |   1959 |   1839 |    120 |    182 |   1248 |   4 |  489.8 |
               +--------+--------+--------+--------+--------+-----+--------+

Top non-repeatable levels by time:
     D:2: 805 daAuts
     D:1: 666 daAuts
     D:3: 379 daAuts
     D:4: 108 daAuts
